 Dungeon Crawl Stone Soup version 0.30.0 (webtiles) character file.

Game seed: 5175374270810510168

2954 infinitevox the Trooper (level 9, -9/69 HPs)
             Began as a Demonspawn Wanderer on May 6, 2023.
             Was an Initiate of Gozag.
             Mangled by an orc warrior
             ... wielding a +0 halberd
              (17 damage)
             ... in a bailey.
             The game lasted 00:34:16 (6899 turns).

infinitevox the Trooper (Demonspawn Wanderer)       Turns: 6899, Time: 00:34:17

Health: -9/69      AC:  8    Str: 16    XL:     9   Next: 52%
Magic:  15/15      EV: 14    Int: 14    God:    Gozag
Gold:   884        SH:  0    Dex: 13    Spells: 12/16 levels left

rFire   + . .        w - +11 Singing Sword {sonic wave}
rCold   x . .        (no shield)
rNeg    . . .        g - +1 robe {Will+}
rPois   .            (helmet restricted)
rElec   .            d - +0 cloak
rCorr   .            (no gloves)
SInv    .            i - +0 pair of boots
Will    ++...        n - amulet of regeneration
Stlth   ++           k - ring of fire
HPRegen 1.11/turn    u - ring of willpower
MPRegen 0.14/turn

%: no passive effects
@: hasted, very quick
A: horns 2, thin metallic scales 2
a: Renounce Religion, Potion Petition, Call Merchant, Bribe Branch


You were in a bailey.
You worshipped Gozag.
Gozag was pleased with you.
You visited 1 branch of the dungeon, and saw 8 of its levels.
You also visited: Bailey.

You collected 930 gold pieces.
You paid 46 gold pieces to Gozag.

Inventory:

Hand Weapons
 b - a +2 hand axe of flaming
 m - a +3 flail of venom
 w - the +11 Singing Sword (weapon) {sonic wave}
   (You found it on level 6 of the Dungeon)
Missiles
 e - 3 throwing nets
Armour
 d - a +0 cloak (worn)
 g - a +1 robe of willpower (worn)
 i - a +0 pair of boots (worn)
Magical Staves
 h - a staff of cold
Jewellery
 k - a ring of fire (left hand)
 n - an amulet of regeneration (around neck)
 u - a ring of willpower (right hand)
Wands
 q - a wand of charming (6)
Scrolls
 a - 3 scrolls of magic mapping {unknown}
 c - 2 scrolls of brand weapon {unknown}
 j - a scroll of fear
 l - a scroll of enchant armour {unknown}
 p - a scroll of noise {unknown}
 s - a scroll of poison {unknown}
 v - a scroll of fog
 y - a scroll of amnesia {unknown}
Potions
 f - a potion of flight
 o - 3 potions of magic
 r - a potion of haste
 t - 3 potions of lignification
 x - a potion of curing
 z - a potion of might {unknown}


   Skills:
 - Level 6.0 Fighting
 + Level 5.1 Long Blades
 - Level 5.0 Maces & Flails
 * Level 0.9 Armour
 * Level 5.2 Dodging
 - Level 2.6 Stealth
 - Level 4.0 Spellcasting
 - Level 4.0 Translocations
 - Level 0.4 Transmutations
 - Level 3.0 Fire Magic


You had 12 spell levels left.
You knew the following spells:

 Your Spells              Type           Power      Damage    Failure   Level
a - Apportation           Tloc           28%        N/A       3%          1
b - Volatile Blastmotes   Fire/Tloc      36%        2d13      14%         3

Your spell library contained the following spells:

 Spells                   Type           Power      Damage    Failure   Level
 Scorch                   Fire           32%        2d6       9%          2
 Flame Wave               Conj/Fire      10%        2d6       71%         4
 Summon Cactus Giant      Summ           1%         N/A       100%        6


Dungeon Overview and Level Annotations

Branches:
Dungeon (8/15)             Temple (0/1) D:6          Bailey (1/1)
   Lair: D:8-11

Altars:
Dithmenos
Fedhas
Gozag
Kikubaaqudgha
Nemelex Xobeh
Trog
Xom

Shops:
D:5 (

Annotations:
D:4 1 runed translucent door, Crazy Yiuf


Innate Abilities, Weirdness & Mutations

You have a pair of horns on your head.
You are mostly covered in thin metallic scales. (AC +3)


Message History

The centaur hits you with a +0 trident!
The centaur kicks you but does no damage.
You hit the centaur but do no damage.
The centaur is distracted by your dazzling golden aura.
You catch the helpless centaur completely off-guard!
You hit the centaur.
The centaur is no longer distracted by gold.
You headbutt the centaur, but do no damage.
The centaur is lightly wounded.
The centaur hits you with a +0 trident. The centaur kicks you.
The orc warrior is distracted by your dazzling golden aura.
The centaur hits you but does no damage.
The centaur kicks you but does no damage.
The orc warrior hits you from afar with a +0 halberd!
You barely miss the centaur.
The orc warrior shouts!
You headbutt the centaur.
The centaur is moderately wounded.
The orc warrior is no longer distracted by gold.
The centaur hits you with a +0 trident! The centaur kicks you.
The orc warrior hits you from afar with a +0 halberd!
The centaur closely misses you. The centaur barely misses you.
You feel yourself speed up.
The centaur hits you but does no damage.
The centaur kicks you but does no damage.
The orc warrior hits you from afar with a +0 halberd.
The orc warrior closely misses you.
The centaur throws a javelin.
The javelin pierces through you.
* * * LOW HITPOINT WARNING * * *
You feel better.
The centaur throws a javelin.
The javelin pierces through you. The centaur barely misses you.
The centaur kicks you. The orc warrior closely misses you.
The orc warrior hits you from afar with a +0 halberd!!
* * * LOW HITPOINT WARNING * * *
An orc comes into view. It is wielding a +0 spear.
You completely miss the orc warrior. The centaur completely misses you.
The centaur misses you. The orc warrior barely misses you.
The orc warrior hits you from afar with a +0 halberd!
You die...
Your body crumbles into a pile of gold.

#≈≈≈...≈≈≈##
≈≈⌠.....⌠≈≈######
≈....)....≈≈≈≈#$##
...≈≈≈≈≈......#..##
..≈≈...≈≈.....#..≈#
.≈≈.≈.≈.≈≈.≈..'..≈#
.≈.≈≈.≈≈.≈.≈≈.#..≈#
≈≈.≈...≈.≈≈.≈)#..≈#
≈.≈≈...≈≈.≈)≈.#.@≈#
≈.≈.⌠∩⌠.≈.≈.≈.#oc≈#
≈.≈..∩..≈.≈)≈.#o.≈#
≈.≈.⌠∩⌠.≈$≈.≈)#..≈#
≈.≈≈...≈≈$≈.≈)#..≈#
≈≈.≈...≈$≈≈.≈.#..≈#
.≈.≈≈≈≈≈.≈.≈≈.#..≈#
.≈≈.....≈≈.≈.##.o≈#
≈.≈≈≈$≈≈≈.≈≈.#


You could see 2 orc warriors, a centaur and an orc.

Vanquished Creatures
  Pikel (D:5)
  Sigmund (D:3)
  Edmund (D:5)
  A vampire mosquito (D:7)
  A water moccasin (D:7)
  2 black bears
  An ogre (D:5)
  2 centaurs (Bailey)
  A gnoll sergeant (D:6)
  8 scorpions
  3 bullfrogs
  3 hounds
  4 jellies
  3 orc priests
  A sleepcap (D:6)
  An orc wizard (D:3)
  4 iguanas
  Ijyb (D:5)
  9 gnolls (D:6)
  15 adders
  3 ufetubi
  2 worms
  2 dart slugs (D:4)
  27 orcs
  3 ball pythons
  9 endoplasms
  3 giant cockroaches
  10 goblins
  5 hobgoblins
  8 quokkas
  3 training dummies (D:5)
  15 bats
  2 frilled lizards
  8 kobolds
  3 rats
166 creatures vanquished.

Vanquished Creatures (others)
  6 fungi (D:6)
  3 plants (D:6)
9 creatures vanquished.

Grand Total: 175 creatures vanquished

Notes
Turn   | Place    | Note
-------+----------+-------------------------------------------
     0 | D:1      | infinitevox the Demonspawn Wanderer began the quest for the
                  | Orb.
     0 | D:1      | infinitevox set off with the following items: a +0 flail, a
                  | +0 helmet, a scroll of teleportation, a +0 robe; and the
                  | following spell memorised: Apportation; and the following
                  | spells available to memorise: Volatile Blastmotes.
     0 | D:1      | Reached XP level 1. HP: 13/13 MP: 3/3
   525 | D:1      | Gained mutation: You have a pair of small horns on your
                  | head. [demonic ancestry]
   525 | D:1      | Reached XP level 2. HP: 19/20 MP: 5/5
   930 | D:2      | Reached skill level 1 in Fighting
   954 | D:2      | Found a shadowy altar of Dithmenos.
  1236 | D:2      | Reached XP level 3. HP: 24/26 MP: 6/6
  1716 | D:3      | Noticed Sigmund
  1802 | D:3      | Killed Sigmund
  1803 | D:3      | Reached skill level 3 in Fighting
  1803 | D:3      | Gained mutation: You are partially covered in thin metallic
                  | scales. (AC +2) [demonic ancestry]
  1803 | D:3      | Reached XP level 4. HP: 20/35 MP: 7/7
  1803 | D:3      | Reached XP level 5. HP: 24/41 MP: 8/8
  1831 | D:3      | Learned a level 3 spell: Volatile Blastmotes
  2049 | D:3      | Reached skill level 1 in Fire Magic
  2055 | D:3      | Gained mutation: You are mostly covered in thin metallic
                  | scales. (AC +3) [demonic ancestry]
  2055 | D:3      | Reached XP level 6. HP: 26/47 MP: 9/9
  2836 | D:4      | Found a sparkling altar of Nemelex Xobeh.
  3065 | D:4      | Found an opulent altar of Gozag.
  3182 | D:4      | Became a worshipper of Gozag Ym Sagoz the Greedy
  3444 | D:4      | Noticed Pikel
  3470 | D:4      | You fall into a shaft and drop 3 floors!
  3483 | D:6      | Found a staircase to the Ecumenical Temple.
  3510 | D:5      | Entered Level 5 of the Dungeon
  3510 | D:5      | Found a bloodstained altar of Trog.
  3510 | D:5      | Found an ancient bone altar of Kikubaaqudgha.
  3510 | D:5      | Found a shimmering altar of Xom.
  3510 | D:5      | Found a blossoming altar of Fedhas.
  3732 | D:5      | Killed Pikel
  3733 | D:5      | Reached skill level 4 in Fighting
  3733 | D:5      | Reached XP level 7. HP: 30/55 MP: 3/12
  3801 | D:5      | Reached XP level 8. HP: 18/61 MP: 9/13
  3803 | D:5      | Reached skill level 5 in Fighting
  3918 | D:5      | Noticed Ijyb
  3933 | D:5      | Killed Ijyb
  4304 | D:4      | Found a runed translucent door.
  4305 | D:4      | Noticed Crazy Yiuf
  4345 | D:5      | Noticed Edmund
  4496 | D:5      | Found Fehirisch's Firing Range.
  4708 | D:5      | Killed Edmund
  4713 | D:5      | Reached skill level 6 in Fighting
  5300 | D:6      | Reached skill level 5 in Maces & Flails
  5326 | D:6      | Found the +11 Singing Sword {sonic wave}
  5422 | D:6      | Reached skill level 1 in Long Blades
  5645 | D:6      | Gained mutation: You have a pair of horns on your head.
                  | [demonic ancestry]
  5645 | D:6      | Reached XP level 9. HP: 69/69 MP: 15/15
  6496 | D:7      | Reached skill level 5 in Dodging
  6702 | D:8      | Found a flagged portal.
  6722 | Bailey   | Entered a bailey
  6811 | Bailey   | Reached skill level 5 in Long Blades
  6899 | Bailey   | Mangled by an orc warrior

Illustrated notes

Levels and vault maps discovered:
D:1:      onia_arrival_pentagram, layout_loops_corners
D:2:      minmay_door_path, layout_basic, basic_altar, minmay_tromino_v7
D:3:      layout_loops_ring, uniq_sigmund
D:4:      layout_loops_ring, lemuel_tele_altar, nemelex_spade_bored_becter,
          uniq_crazy_yiuf_cottage, uniq_pikel
D:5:      layout_loops_corners, nicolae_overflow_hidden_temple, chequers_garden,
          kennysheep_cross_room, nicolae_shop_firing_range, uniq_edmund,
          uniq_ijyb
D:6:      old_forge, layout_loops_ring, tso_altar, minmay_temple_entry_mist
D:7:      layout_cave_pods, serial_column_ruins, column_ruins_hut,
          column_ruins_open_tiny, column_ruins_grid_1,
          column_ruins_columns_straight, column_ruins_open_medium,
          column_ruins_columns_straight, nicolae_zen_rock_garden,
          chequers_hall_statues_wall_a, minmay_microvault
D:8:      kennysheep_kobold_camp, layout_loops_corners, amcnicky_altar_gilded,
          enter_bailey_3, fungi_pond_lemuel, hangedman_abyss_or_decor_slice,
          corexii_corridor_pit, dilly_guarded_unrand_elemental_staff
Bailey:   bailey_polearm_flooded_kennysheep, bailey

Skill      XL: |  1  2  3  4  5  6  7  8  9 |
---------------+----------------------------+-----
Maces & Flails | 3 4 5 |  5.0
Fighting       | 1 3 4 6 |  6.0
Translocations | 2 3 4 |  4.0
Fire Magic     | 1 3 |  3.0
Dodging        | 2 4 5 |  5.2
Spellcasting   | 3 4 |  4.0
Long Blades    | 1 5 |  5.1
Armour         | |  0.9
Stealth        | |  2.6
Transmutations | |  0.4

Action                     |  1- 3 |  4- 6 |  7- 9 || total
---------------------------+-------+-------+-------++-------
  Melee: Dagger            |    86 |    35 |       ||   121
         Flail             |     8 |       |   102 ||   110
         Headbutt          |     6 |    24 |    46 ||    76
         Punch             |     1 |     1 |     2 ||     4
         Hand axe          |       |   111 |    35 ||   146
         Double sword      |       |       |    76 ||    76
  Throw: Throwing net      |       |       |     1 ||     1
   Cast: Volatile Blastmot |       |     4 |    10 ||    14
    Use: Scroll            |     7 |     2 |     1 ||    10
         Potion            |     2 |     5 |    10 ||    17
   Stab: Sleeping          |     4 |     4 |     4 ||    12
         Distracted        |       |       |     4 ||     4
 Armour: Robe              |    18 |    55 |   102 ||   175
         Skin              |       |       |     1 ||     1
  Dodge: Dodged            |    52 |    74 |   164 ||   290
